 Dungeon Crawl Stone Soup version 0.21-a0-519-gb765982 (webtiles) character file.

149312 slep the Severer (level 17, -6/104 HPs)
             Began as a Vine Stalker Gladiator on Dec 5, 2017.
             Was the Champion of Okawaru.
             Killed from afar by a hellephant (33 damage)
             ... with a blast of flame
             ... on level 3 of the Abyss.
             The game lasted 03:29:20 (21639 turns).

slep the Severer (Vine Stalker Gladiator)          Turns: 21639, Time: 03:29:21

Health: -6/104     AC: 26    Str: 30    XL:     17   Next: 51%
Magic:  0/29       EV: 12    Int:  8    God:    Okawaru [******]
Gold:   1925       SH: 21    Dex: 25    Spells: 16/16 levels left

rFire    + . .     SeeInvis +   Y - +3 broad axe (pain)
rCold    + . .     Gourm    .   z - +2 large shield {rPois}
rNeg     + . .     Faith    +   r - +9 plate armour of Protective Custody {rElec MR- Str+4}
rPois    +         Spirit   +   P - +2 hat
rElec    +         Reflect  .   m - scarf {rC+ rF+}
rCorr    .         Harm     .   K - -3 pair of gloves of the Hart {rElec Regen+ MP+9}
MR       ++...                  W - +0 pair of boots
Stlth    ..........             a - amulet of faith
HPRegen  1.47/turn              Z - ring of protection from magic
MPRegen  0.21/turn              X - ring of Dicizear {rN+ Str+5 Dex+4}

@: no status effects
A: fangs 3, icy blue scales 1, see invisible, sense surroundings 1, poison
resistance, regeneration 2, robust 1, electricity resistance, strong 1,
evolution 2, magic shield, antimagic bite, no potion heal 3, rot immunity
a: Heroism, Finesse, Renounce Religion


You were on level 3 of the Abyss.
You worshipped Okawaru.
Okawaru was exalted by your worship.
You were not hungry.

You visited 6 branches of the dungeon, and saw 24 of its levels.
You visited the Abyss 1 time.
You also visited: Ossuary and Ice Cave.

You collected 2139 gold pieces.
You spent 214 gold pieces at shops.

Inventory:

Hand Weapons
 q - a +1 trident of freezing
 S - a +2 war axe of flaming
 Y - a +3 broad axe of pain (weapon)
Missiles
 d - 2 throwing nets
 k - 12 javelins of penetration (quivered)
Armour
 m - a scarf of resistance (worn)
 r - the +9 plate armour of Protective Custody (worn) {rElec MR- Str+4}
   (Okawaru gifted it to you on level 5 of the Lair of Beasts)

   It affects your strength (+4).
   It insulates you from electricity.
   It affects your resistance to hostile enchantments.
 z - a +2 large shield of poison resistance (worn)
 K - the -3 pair of gloves of the Hart (worn) {rElec Regen+ MP+9}
   (Okawaru gifted it to you on level 9 of the Dungeon)

   It insulates you from electricity.
   It affects your magic capacity (+9).
   It increases your rate of regeneration.
 P - a +2 hat (worn)
 W - a +0 pair of boots (worn)
Jewellery
 a - an amulet of faith (around neck)
 l - an uncursed ring of see invisible
 A - a +4 ring of evasion
 X - the ring of Dicizear (right hand) {rN+ Str+5 Dex+4}
   (You found it on level 5 of the Lair of Beasts)

   [ring of positive energy]

   It affects your strength (+5).
   It affects your dexterity (+4).
   It protects you from negative energy.
 Z - a ring of protection from magic (left hand)
Wands
 i - a wand of acid (21)
 v - a wand of polymorph (6)
 w - a wand of digging (17)
 B - a wand of paralysis (35)
 D - a wand of disintegration (2)
 F - a wand of flame (57)
 L - a wand of enslavement (3)
Scrolls
 e - 6 scrolls of enchant weapon
 h - 6 scrolls of teleportation
 o - 15 scrolls of identify
 p - 2 scrolls of magic mapping
 s - 14 scrolls of remove curse
 u - a scroll of acquirement {unknown}
 x - 2 scrolls of noise {unknown}
 E - a scroll of fear
 H - 2 scrolls of vulnerability {unknown}
 I - 4 scrolls of blinking
 M - 3 scrolls of enchant armour
 O - 2 scrolls of fog
 R - a scroll of immolation {unknown}
Potions
 c - a potion of haste
 G - 6 potions of curing
 J - 4 potions of lignification
 N - a potion of experience {unknown}
 Q - 2 potions of agility
 T - a potion of berserk rage
 U - 3 potions of might
 V - 4 potions of mutation
Miscellaneous
 t - a lamp of fire
Comestibles
 b - 2 chunks of flesh
 f - 13 bread rations
 j - 27 fruits
 n - 7 royal jellies
 C - 7 meat rations


   Skills:
 + Level 13.1 Fighting
 + Level 17.9(18.1) Axes
   Level 1.3(12.2) Maces & Flails
 + Level 4.2(12.7) Polearms
 + Level 4.7 Throwing
 + Level 8.6 Armour
 + Level 9.0 Dodging
 + Level 7.9 Stealth
 + Level 7.1 Shields
 + Level 3.5 Evocations


You had 16 spell levels left.
You didn't know any spells.

Dungeon Overview and Level Annotations

Branches:
Dungeon (10/15)            Temple (1/1) D:6            Lair (6/6) D:10
  Swamp (0/4) Lair:2       Spider (2/4) Lair:3        Slime (0/5) Lair:6
    Orc (2/2) D:10            Elf (3/3) Orc:2

Altars:
Ashenzari
Cheibriados
Dithmenos
Elyvilon
Gozag
Hepliaklqana
Kikubaaqudgha
Nemelex Xobeh
Okawaru
Qazlal
Ru
Sif Muna
Uskayaw
Vehumet
Yredelemnul
Zin
The Shining One

Shops:
D:8 *=*}   Orc:2 [::%

Annotations:
D:9 Prince Ribbit


Innate Abilities, Weirdness & Mutations

You have razor-sharp teeth.
You heal very quickly.
When hurt, damage is shared between your health and your magic reserves.
Your bite disrupts and absorbs the magic of your enemies.
Potions cannot restore your health.
You are immune to rotting.
You are partially covered in icy blue scales. (AC +2)
You have supernaturally acute eyesight. (SInv)
You passively map a small area around you.
Your system is resistant to poisons. (rPois)
You are robust. (+10% HP)
You are resistant to electric shocks. (rElec)
Your muscles are strong. (Str +2)
You rapidly evolve.


Message History

The hellephant tramples you!!
You stumble backwards!
The dire elephant tramples you!!
* * * LOW HITPOINT WARNING * * *
You hold your ground!
The dire elephant trunk-slaps you but does no damage.
You block the necromancer's attack. You block the hellephant's attack.
The hellephant bites you.
* * * LOW HITPOINT WARNING * * *
You block the hellephant's attack.
The neqoxec gestures.
The necromancer points at you and mumbles some strange words.
The bolt of fire hits you!
The hellephant blinks!
A hell knight comes into view. It is wielding an enchanted long sword.
The hell knight mumbles some strange words.
The hell knight blinks!
The hell knight moves out of view.
A large abomination comes into view.
The hellephant breathes flames at you. The blast of flame hits you! You resist.
You die...

.X..###.....)#..§≈ ≈≈.
#...#....#...)..≈§≈≈Y§
....##..#...##.§§≈. #
. #.#....###'..§§§≈$.
.. #......'.p.# .§≈§
.#
#.#.....p#...##.≈≈≈§8#
#..#....Y5.....≈≈§..#
##...#..Y#†..##.≈≈§.Y
#.....@..#...# .≈ §..§
...#.#....#...## ≈# ≈
. #.#.....#....#. ≈ ≈.
..#.#.#..#...## .
)..###..#....#≈. ≈ .##
...#'....## . ≈§ .
.#..#...... ≈§ ####.#
.#.# # .. ###


You could see a hellephant, a dire elephant, a hell knight, a necromancer and an
ufetubus.

Vanquished Creatures
  Gastronok (Lair:3)
  A frost giant (IceCv)
  An emperor scorpion (Spider:2)
  5 deep elf sorcerers
  A ghost moth (Spider:2)
  3 deep elf elementalists (Elf:3)
  A deep elf demonologist (Elf:3)
  Azrael (Elf:1)
  2 dire elephants
  2 deep elf annihilators
  4 deep elf high priests (Elf:3)
  A fire dragon (Lair:6)
  4 hydras
  A centaur warrior (D:10)
  6 two-headed ogres
  A death yak (IceCv)
  28 dancing weapons
  An orc high priest (Orc:2)
  12 deep elf knights
  A hell knight (Abyss:3)
  A fire crab (Lair:6)
  An unseen horror (D:10)
  A sea snake (shapeshifter) (Elf:2)
  An orc knight (Orc:2)
  50 deep elf magi
  3 orb spiders
  6 deep elf archers
  9 wolf spiders
  An orc sorcerer (Orc:2)
  A moth of wrath (Spider:1)
  Maurice (D:8)
  23 elephants
  An ice statue (IceCv)
  7 black mambas
  10 spiny frogs
  3 molten gargoyles (Lair:6)
  2 demonic crawlers (Spider:1)
  5 rime drakes
  A rime drake (shapeshifter) (Elf:2)
  8 komodo dragons
  3 trolls
  An ancient zyme (Abyss:3)
  15 jumping spiders
  A polar bear (shapeshifter) (Elf:3)
  12 polar bears
  A slime creature (shapeshifter) (Elf:1)
  16 blink frogs
  3 slime creatures (Lair:6)
  5 hippogriffs
  24 redbacks
  3 air elementals
  3 wyverns
  A spriggan (Lair:5)
  13 tarantellas
  58 yaks
  5 basilisks
  A hungry ghost (D:7)
  7 fire elementals
  3 steam dragons
  3 wargs
  15 water moccasins
  8 hell hounds
  3 porcupines
  Duvessa (D:7)
  A sky beast (D:10)
  2 black bears
  3 ice beasts
  A necrophage (D:10)
  38 orc warriors
  11 ogres
  2 phantoms
  12 wolves (IceCv)
  14 crocodiles
  13 centaurs
  A big kobold (D:8)
  15 bullfrogs
  2 earth elementals (Elf:2)
  A gnoll sergeant (D:9)
  Dowan (D:7)
  A scorpion (D:10)
  8 killer bees
  A howler monkey (D:4)
  12 electric eels
  5 lava snakes (Lair:6)
  2 crimson imps
  A centaur zombie (D:8)
  A bullfrog zombie (D:8)
  14 hounds
  6 jellies
  A human zombie (Ossuary)
  14 orc priests
  Crazy Yiuf (D:2)
  16 orc wizards
  A bullfrog skeleton (D:5)
  A centaur skeleton (D:6)
  An iguana (D:4)
  Terence (D:3)
  7 worker ants
  2 killer bee zombies (D:9)
  A big kobold zombie (Ossuary)
  4 mummies (Ossuary)
  A worker ant zombie (D:8)
  3 gnolls (D:9)
  A howler monkey skeleton (D:4)
  14 adders
  2 shadow imps
  12 white imps
  6 adder zombies
  An ooze (D:2)
  4 worms
  2 dart slugs
  5 leopard geckos
  73 orcs
  11 giant cockroaches
  3 gnoll zombies (Ossuary)
  7 goblins
  5 hobgoblins
  10 jackals
  6 quokkas
  A ball python (D:1)
  7 bats
  7 frilled lizards
  A jackal skeleton (D:4)
  13 kobolds
  2 leopard gecko skeletons
  An orc zombie (Ossuary)
  A quokka skeleton (D:9)
  9 rats
  A rat zombie (Ossuary)
  A bush (Lair:3)
  19 fungi
  6 plants
870 creatures vanquished.

Vanquished Creatures (collateral kills)
  A hydra (Lair:4)
  A necromancer (Abyss:3)
2 creatures vanquished.

Vanquished Creatures (others)
  A hell knight (Abyss:3)
  A yak (IceCv)
  A wolf (IceCv)
  A bullfrog skeleton (D:6)
  A jackal (D:10)
  6 fungi
  4 plants
15 creatures vanquished.

Grand Total: 887 creatures vanquished

Notes
Turn   | Place    | Note
-------+----------+-------------------------------------------
     0 | D:1      | slep the Vine Stalker Gladiator began the quest for the Orb.
     0 | D:1      | Reached XP level 1. HP: 11/11 MP: 2/2
   128 | D:1      | Reached XP level 2. HP: 13/15 MP: 3/3
   176 | D:1      | Reached skill level 3 in Axes
   419 | D:1      | Reached XP level 3. HP: 18/18 MP: 4/4
  1259 | D:2      | Gained mutation: Your natural rate of healing is unusually fast. [Vine Stalker growth]
  1259 | D:2      | Reached XP level 4. HP: 16/23 MP: 5/5
  1323 | D:2      | Found a runed door.
  1608 | D:2      | Noticed Crazy Yiuf
  1616 | D:2      | Paralysed by Crazy Yiuf for 3 turns
  1633 | D:2      | Killed Crazy Yiuf
  1819 | D:3      | Found a stormy altar of Qazlal.
  1867 | D:3      | Noticed Terence
  1875 | D:3      | Killed Terence
  1875 | D:3      | Reached XP level 5. HP: 28/28 MP: 6/6
  1905 | D:3      | Reached skill level 4 in Axes
  2532 | D:4      | Reached XP level 6. HP: 8/32 MP: 3/7
  2815 | D:4      | Reached skill level 1 in Armour
  2877 | D:4      | Reached skill level 5 in Axes
  3164 | D:5      | Entered Level 5 of the Dungeon
  3176 | D:5      | Reached XP level 7. HP: 36/36 MP: 8/8
  3271 | D:5      | Found a snail-covered altar of Cheibriados.
  3432 | D:5      | Reached skill level 6 in Axes
  3432 | D:5      | Reached skill level 1 in Stealth
  3506 | D:5      | Got a steaming robe
  3517 | D:5      | Identified the +1 robe "Neti" {*Slow Dex+5} (You found it on level 5 of the Dungeon)
  3680 | D:6      | Gained mutation: You have razor-sharp teeth. [Vine Stalker growth]
  3680 | D:6      | Reached XP level 8. HP: 41/41 MP: 9/9
  3793 | D:6      | Reached skill level 7 in Axes
  4334 | D:6      | Found a staircase to the Ecumenical Temple.
  4343 | Temple   | Entered the Ecumenical Temple
  4387 | Temple   | Became a worshipper of Warmaster Okawaru
  4798 | D:7      | Noticed a hippogriff
  4807 | D:7      | Killed a hippogriff
  4887 | D:7      | Reached skill level 8 in Axes
  4887 | D:7      | Reached XP level 9. HP: 45/45 MP: 10/10
  4943 | D:7      | Noticed Dowan
  4961 | D:7      | Noticed Duvessa
  4966 | D:7      | Killed Dowan
  4983 | D:7      | Gained mutation: You are robust. (+10% HP) [potion of mutation]
  4983 | D:7      | Lost mutation: You are robust. (+10% HP) [potion of mutation]
  4983 | D:7      | Gained mutation: You are dopey. (Int -2) [potion of mutation]
  4983 | D:7      | Gained mutation: Your muscles are strong. (Str +2) [potion of mutation]
  5006 | D:7      | Killed Duvessa
  5006 | D:7      | Reached * piety under Okawaru
  5693 | D:8      | Found Liaview's General Store.
  5702 | D:8      | Reached ** piety under Okawaru
  5703 | D:8      | Bought a potion of lignification for 33 gold pieces
  5703 | D:8      | Bought a potion of invisibility for 88 gold pieces
  5780 | D:8      | Found Qenig's Jewellery Shop.
  5826 | D:8      | Reached skill level 5 in Fighting
  5828 | D:8      | Found Othreuc's Gadget Boutique.
  5918 | D:8      | Reached skill level 9 in Axes
  5969 | D:8      | Noticed Maurice
  6007 | D:8      | Reached skill level 5 in Dodging
  6009 | D:8      | Killed Maurice
  6009 | D:8      | Reached *** piety under Okawaru
  6009 | D:8      | Reached XP level 10. HP: 51/51 MP: 11/11
  6301 | D:8      | Found Sidwoduf's Assorted Antiques.
  6309 | D:8      | Bought a scroll labeled MUQUMP APOPS for 31 gold pieces
  6309 | D:8      | Bought a scroll labeled AJOSULI SURITH for 31 gold pieces
  6309 | D:8      | Bought a scroll labeled QUPSODIGHAWEN for 31 gold pieces
  6350 | D:8      | Noticed a two-headed ogre
  6367 | D:8      | Killed a two-headed ogre
  6367 | D:8      | Reached **** piety under Okawaru
  6367 | D:8      | Reached skill level 10 in Axes
  6498 | D:8      | Found a sand-covered staircase.
  6505 | Ossuary  | Entered an ossuary
  7380 | D:9      | Noticed a two-headed ogre
  7403 | D:9      | Killed a two-headed ogre
  7553 | D:9      | Found a snail-covered altar of Cheibriados.
  7630 | D:9      | Reached XP level 11. HP: 51/58 MP: 12/12
  7644 | D:9      | Reached ***** piety under Okawaru
  7794 | D:9      | Noticed a two-headed ogre
  7815 | D:9      | Killed a two-headed ogre
  7815 | D:9      | Received a gift from Okawaru
  7940 | D:9      | Noticed Prince Ribbit
  8210 | D:9      | Reached skill level 5 in Stealth
  8236 | D:9      | Noticed a two-headed ogre
  8253 | D:9      | Killed a two-headed ogre
  8847 | D:10     | Entered Level 10 of the Dungeon
  8847 | D:10     | Found a staircase to the Orcish Mines.
  8849 | D:10     | Noticed a centaur warrior
  8903 | D:9      | Received a gift from Okawaru
  8912 | D:9      | Got a pair of smoking gloves {god gift}
  8919 | D:9      | Identified the -3 pair of gloves of the Hart {rElec Regen+ MP+9} (Okawaru gifted it to you on level 9 of the Dungeon)
  9445 | D:10     | Lost mutation: Your muscles are strong. (Str +2) [mutagenic meat]
  9446 | D:10     | Gained mutation: You are agile. (Dex +2) [mutagenic meat]
  9447 | D:10     | Gained mutation: Scrolls take you a little longer to read. [mutagenic meat]
  9448 | D:10     | Lost mutation: You are agile. (Dex +2) [mutagenic meat]
  9460 | D:10     | Lost mutation: You are dopey. (Int -2) [potion of mutation]
  9460 | D:10     | Lost mutation: Scrolls take you a little longer to read. [potion of mutation]
  9460 | D:10     | Gained mutation: You tend to lose your temper in combat. [potion of mutation]
  9460 | D:10     | Gained mutation: You are robust. (+10% HP) [potion of mutation]
  9460 | D:10     | Gained mutation: You are partially covered in icy blue scales. (AC +2) [potion of mutation]
  9460 | D:10     | Gained mutation: Your muscles are strong. (Str +2) [potion of mutation]
  9486 | D:10     | Killed a centaur warrior
  9486 | D:10     | Reached skill level 11 in Axes
  9526 | D:10     | Found a staircase to the Lair.
  9533 | D:10     | Noticed a two-headed ogre
  9545 | D:10     | Killed a two-headed ogre
  9599 | D:10     | Reached skill level 1 in Maces & Flails
  9921 | D:10     | Killed an unseen horror
  9968 | Lair:1   | Entered Level 1 of the Lair of Beasts
  9974 | Lair:1   | Reached skill level 5 in Armour
 10159 | Lair:1   | Found a labyrinth entrance.
 10321 | Lair:1   | Gained mutation: You heal very quickly. [Vine Stalker growth]
 10321 | Lair:1   | Reached XP level 12. HP: 56/69 MP: 13/13
 10823 | Lair:2   | Noticed a seven-headed hydra
 10848 | Lair:2   | Killed a seven-headed hydra
 10885 | Lair:2   | Received a gift from Okawaru
 10997 | Lair:2   | Reached skill level 12 in Axes
 11110 | Lair:2   | Noticed an eight-headed hydra
 11120 | Lair:2   | Killed an eight-headed hydra
 11229 | Lair:2   | Reached skill level 1 in Evocations
 11260 | Lair:2   | Found a staircase to the Swamp.
 11421 | Lair:3   | Noticed Gastronok
 11449 | Lair:3   | Killed Gastronok
 11457 | Lair:3   | Found a hole to the Spider Nest.
 12743 | Lair:4   | Reached XP level 13. HP: 68/75 MP: 15/15
 12810 | Lair:4   | Received a gift from Okawaru
 12830 | Lair:4   | Got a dazzling scimitar {god gift}
 13268 | Lair:5   | Reached ****** piety under Okawaru
 13379 | Lair:5   | Received a gift from Okawaru
 13667 | Lair:5   | Got a bound platinum ring
 13675 | Lair:5   | Identified the ring of Dicizear {rN+ Str+5 Dex+4} (You found it on level 5 of the Lair of Beasts)
 13729 | Lair:5   | Received a gift from Okawaru
 13770 | Lair:5   | Reached skill level 13 in Axes
 13812 | Lair:5   | Noticed a dire elephant
 13840 | Lair:5   | Killed a dire elephant
 14189 | Lair:6   | Entered Level 6 of the Lair of Beasts
 14192 | Lair:6   | Received a gift from Okawaru
 14225 | Lair:5   | Received a gift from Okawaru
 14235 | Lair:5   | Got a spiked plate armour {god gift}
 14246 | Lair:5   | Identified the +9 plate armour of Protective Custody {rElec MR- Str+4} (Okawaru gifted it to you on level 5 of the Lair of Beasts)
 14362 | Lair:6   | Reached XP level 14. HP: 83/83 MP: 17/17
 14478 | Lair:6   | Found a staircase to the Slime Pits.
 14482 | Lair:6   | Reached skill level 10 in Fighting
 14495 | Lair:6   | Reached skill level 14 in Axes
 14879 | Lair:6   | Found a large runed door.
 14886 | Lair:6   | Found a large runed door.
 14973 | Lair:6   | Received a gift from Okawaru
 15494 | Spider:1 | Entered Level 1 of the Spider Nest
 15571 | Spider:1 | Reached skill level 1 in Shields
 15574 | Spider:1 | Reached skill level 15 in Axes
 15655 | Spider:1 | HP: 4/84 [tarantella (4)]
 15945 | Spider:1 | Reached XP level 15. HP: 89/89 MP: 18/18
 16017 | Spider:1 | Received a gift from Okawaru
 16398 | Spider:2 | Killed a ghost moth
 16418 | Spider:2 | Gained mutation: You have supernaturally acute eyesight. (SInv) [mutagenic meat]
 16419 | Spider:2 | Gained mutation: You are resistant to electric shocks. (rElec) [mutagenic meat]
 16420 | Spider:2 | Gained mutation: Your mind is acute. (Int +2) [mutagenic meat]
 16421 | Spider:2 | Gained mutation: You evolve. [mutagenic meat]
 16422 | Spider:2 | Lost mutation: You tend to lose your temper in combat. [mutagenic meat]
 16467 | Spider:2 | Noticed an emperor scorpion
 16509 | Spider:2 | Killed an emperor scorpion
 16627 | Orc:1    | Entered Level 1 of the Orcish Mines
 16627 | Orc:1    | Found a frozen archway.
 16657 | IceCv    | Entered an ice cave
 16697 | IceCv    | Got a crude helmet
 16708 | IceCv    | Identified the +0 helmet of the Bagpipe {Str+3 Dex-2 Stlth+} (You found it in an ice cave)
 16979 | IceCv    | Noticed a frost giant
 17003 | IceCv    | Killed a frost giant
 17072 | IceCv    | Identified the Disquisition on Excruciating Beguiling
 17077 | IceCv    | Got an iridescent quarterstaff
 17078 | IceCv    | Identified the +7 quarterstaff of Sudafast {freeze, rN++ Int-5} (You found it in an ice cave)
 17725 | Orc:2    | Entered Level 2 of the Orcish Mines
 17840 | Orc:2    | Received a gift from Okawaru
 17876 | Orc:2    | Reached skill level 16 in Axes
 18106 | Orc:2    | Found a staircase to the Elven Halls.
 18302 | Orc:2    | Found Izurch's Book Emporium.
 18302 | Orc:2    | Found Orrajaerph's Book Shop.
 18304 | Orc:2    | Found Foydgh's Food Boutique.
 18306 | Orc:2    | Found Osoh's Armour Shoppe.
 18494 | Elf:1    | Entered Level 1 of the Elven Halls
 18566 | Elf:1    | Received a gift from Okawaru
 18573 | Elf:1    | Got a creamy pearl robe {god gift}
 18646 | Elf:1    | Identified Vehumet's Collected Works on Battle Magic
 18668 | Elf:1    | Identified the +1 robe of the Lair of Beasts {rF+} (Okawaru gifted it to you on level 1 of the Elven Halls)
 18792 | Elf:1    | Reached XP level 16. HP: 94/96 MP: 19/19
 18865 | Elf:1    | Found an ancient bone altar of Kikubaaqudgha.
 18904 | Elf:1    | Noticed Azrael
 18921 | Elf:1    | Killed Azrael
 18921 | Elf:1    | Reached skill level 5 in Shields
 19467 | Elf:2    | Received a gift from Okawaru
 19678 | Elf:2    | Reached skill level 17 in Axes
 19896 | Elf:2    | Found a huge runed gate.
 19896 | Elf:2    | Found a huge runed gate.
 19897 | Elf:2    | Found a huge runed gate.
 19944 | Elf:2    | Gained mutation: You rapidly evolve. [evolution]
 20113 | Elf:2    | Lost mutation: Your mind is acute. (Int +2) [mutagenic meat]
 20115 | Elf:2    | Gained mutation: Your system is resistant to poisons. (rPois) [mutagenic meat]
 20491 | Elf:2    | Received a gift from Okawaru
 20501 | Elf:2    | Got an encrusted scarf {god gift}
 20511 | Elf:2    | Reached XP level 17. HP: 97/103 MP: 20/20
 20528 | Elf:2    | Identified the scarf "Wohizes" {Dex+3} (Okawaru gifted it to you on level 2 of the Elven Halls)
 20670 | Elf:3    | Entered Level 3 of the Elven Halls
 21162 | Elf:3    | Gained mutation: You passively map a small area around you. [evolution]
 21384 | Elf:3    | Received a gift from Okawaru
 21583 | Elf:3    | Cast into level 3 of the Abyss (a deep elf sorcerer)
 21617 | Abyss:3  | Noticed a hellephant
 21618 | Abyss:3  | Noticed a hellephant
 21639 | Abyss:3  | Killed from afar by a hellephant

Vault maps used:
D:1:      dpeg_arrival_fog
D:2:      uniq_crazy_yiuf_cottage
D:3:      nicolae_qazlal_general_emergency, uniq_terence
D:5:      old_standard_altar, first_bread
D:6:      lemuel_temple_firewalk_b, kennysheep_generic_room_12
D:7:      grunt_ogre_cave, uniq_duvessa
D:8:      enter_ossuary_1, serial_shops,
          nicolae_shop_temple_entry_statues_fountains, shop, shop, shop,
          uniq_maurice
D:9:      cheibrodos_worm_habitat, uniq_prince_ribbit1
D:10:     erik_lair_island, david_orc_3
Temple:   regret_index_temple_sigil_plot
Lair:1:   lab_entry_generic, columned_hall_lemuel, infiniplex_staircase_pool
Lair:2:   swamp_mist_pool, grunt_megastairs_5
Lair:3:   spider_nest_entry_a, wad_woods_06, serial_bayou_lake_a, uniq_gastronok
Lair:5:   mu_elephants_graveyard, lemuel_fruit_tree
Lair:6:   cheibrodos_lair_end_hotspot, minmay_slime_entry_pillars
Spider:1: hangedman_spider_tarantella_strand
Spider:2: nicolae_looking_at_the_future
Orc:1:    portal_ice_cave_entry_imps
Orc:2:    st_orc_rangers
Elf:1:    minmay_elf_arrival_plus, basic_altar, minmay_elf_annihilation,
          uniq_azrael
Elf:3:    minmay_elf_hall_quartered_circle, serial_sigils,
          serial_sigils_hangedman_shear, serial_sigils_hangedman_gnaw,
          serial_sigils_hangedman_gut, serial_sigils_hangedman_quiver
Abyss:3:  evilmike_abyss_rune_elephants_shrine, minivault_19,
          evilmike_abyss_exit_12
Ossuary:  ossuary_minmay_tomb_2a
IceCv:    ice_cave_caverns_03

Skill      XL: |  1  2  3  4  5  6  7  8  9 10 11 12 13 14 15 16 17 |
---------------+----------------------------------------------------+-----
Fighting       | 2 3 4 5 6 7 8 9 10 11 12 13 | 13.1
Axes           | 3 4 5 6 8 9 10 11 12 13 15 16 17 | 17.9
Throwing       | 2 3 4 |  4.7
Dodging        | 3 4 5 7 8 9 |  9.0
Armour         | 1 2 3 4 5 6 7 8 |  8.6
Stealth        | 1 2 3 4 5 6 7 |  7.9
Maces & Flails | 1 |  1.3
Evocations     | 2 3 |  3.5
Polearms       | 3 4 |  4.2
Shields        | 1 4 6 7 |  7.1

Action                   |  1- 3 |  4- 6 |  7- 9 | 10-12 | 13-15 | 16-18 || total
-------------------------+-------+-------+-------+-------+-------+-------++-------
Melee: War axe           |    81 |   142 |       |       |   329 |       ||   552
       Bite              |    20 |    39 |   139 |   369 |   564 |   205 ||  1336
       Hand axe          |       |    48 |   335 |   734 |    49 |       ||  1166
       Blowgun           |       |       |       |    21 |       |       ||    21
       Mace              |       |       |       |     4 |       |       ||     4
       Trident           |       |       |       |    76 |     9 |       ||    85
       Dire flail        |       |       |       |    11 |       |       ||    11
       Broad axe         |       |       |       |       |   631 |   415 ||  1046
 Fire: Blowgun           |       |       |       |    28 |       |       ||    28
Throw: Throwing net      |       |       |     2 |     4 |       |       ||     6
       Javelin           |       |       |       |     1 |    10 |    12 ||    23
Evoke: Sack of spiders   |       |       |       |     1 |       |       ||     1
       Wand              |       |       |       |    31 |    29 |     6 ||    66
       Phantom mirror    |       |       |       |       |     1 |       ||     1
  Use: Potion            |       |     4 |     7 |     3 |     5 |     3 ||    22
       Scroll            |       |       |       |    12 |     3 |     1 ||    16
 Stab: Invisible         |       |       |     5 |       |       |       ||     5
       Sleeping          |       |       |       |    10 |     7 |       ||    17
       Held in net/web   |       |       |       |     1 |       |       ||     1
       Distracted        |       |       |       |       |       |     2 ||     2
  Eat: Chunk             |     1 |     6 |     8 |    27 |    25 |    14 ||    81
       Bread ration      |       |       |     1 |       |       |       ||     1
       Fruit             |       |       |       |       |     1 |       ||     1
Armor: Leather armour    |    16 |       |    26 |   138 |    83 |       ||   263
       Ring mail         |    16 |    62 |    41 |       |       |       ||   119
       Skin              |       |    15 |       |       |       |       ||    15
       Plate armour      |       |       |       |       |   465 |   154 ||   619
Dodge: Dodged            |    60 |   119 |   258 |   683 |   917 |   179 ||  2216
Block: Shield            |       |       |       |       |   414 |   181 ||   595
       Large shield      |       |       |       |       |       |    28 ||    28

Table legend:
 A = Spawn XP
 B = Non-spawn XP
 C = Spawn XP percentage of total XP
 D = Spawn monster count
 E = Non-spawn monster count
 F = Spawn count percentage of total count
 G = Total turns spent on level
                    A         B        C        D         E        F      G
               +---------+---------+-------+---------+---------+-------+---------
         Total |    1424 |  211879 |   0.7 |       3 |     843 |   0.4 | 21639
               +---------+---------+-------+---------+---------+-------+---------
           D:1 |       0 |      37 |   0.0 |       0 |      23 |   0.0 |   725
           D:2 |       0 |     100 |   0.0 |       0 |      27 |   0.0 |   983
           D:3 |       0 |     117 |   0.0 |       0 |      21 |   0.0 |   809
           D:4 |       0 |     334 |   0.0 |       0 |      25 |   0.0 |   647
           D:5 |       0 |     503 |   0.0 |       0 |      14 |   0.0 |   508
           D:6 |       0 |     883 |   0.0 |       0 |      19 |   0.0 |   989
           D:7 |       0 |    1390 |   0.0 |       0 |      14 |   0.0 |   936
           D:8 |       0 |    4478 |   0.0 |       0 |      57 |   0.0 |  1478
           D:9 |       0 |    4183 |   0.0 |       0 |      34 |   0.0 |  2011
          D:10 |       0 |    4134 |   0.0 |       0 |      30 |   0.0 |   681
        Lair:1 |       0 |    4261 |   0.0 |       0 |      17 |   0.0 |   836
        Lair:2 |       0 |    4923 |   0.0 |       0 |      14 |   0.0 |   621
        Lair:3 |       0 |    3691 |   0.0 |       0 |      15 |   0.0 |  1137
        Lair:4 |       0 |    5136 |   0.0 |       0 |      24 |   0.0 |   683
        Lair:5 |       0 |   16234 |   0.0 |       0 |      45 |   0.0 |  1186
        Lair:6 |       0 |   22356 |   0.0 |       0 |      83 |   0.0 |  1102
      Spider:1 |       0 |   16087 |   0.0 |       0 |      52 |   0.0 |   840
      Spider:2 |       0 |    7874 |   0.0 |       0 |      17 |   0.0 |   226
         Orc:1 |       0 |    1599 |   0.0 |       0 |      33 |   0.0 |   345
         Orc:2 |       0 |    8398 |   0.0 |       0 |      86 |   0.0 |   769
         Elf:1 |       0 |   25542 |   0.0 |       0 |      45 |   0.0 |  1024
         Elf:2 |       0 |   39404 |   0.0 |       0 |      57 |   0.0 |  1152
         Elf:3 |       0 |   27707 |   0.0 |       0 |      32 |   0.0 |   913
       Abyss:3 |    1424 |    1644 |  46.4 |       3 |       2 |  60.0 |    56
       Ossuary |       0 |     178 |   0.0 |       0 |      16 |   0.0 |   172
         IceCv |       0 |   10686 |   0.0 |       0 |      41 |   0.0 |   739
               +---------+---------+-------+---------+---------+-------+---------
